 Dungeon Crawl Stone Soup version 0.26.1-11-gd32895ea62 (webtiles) character file.

Game seed: 16498897344774732078

754 KrasnyyBoyets the Chiller (level 7, -1/41 HPs)
             Began as a Gargoyle Ice Elementalist on Mar 12, 2021.
             Slain by a human zombie (5 damage)
             ... in an ossuary on May 28, 2021.
             The game lasted 00:43:48 (6076 turns).

KrasnyyBoyets the Chiller (GrIE)                    Turns: 6076, Time: 00:43:48

Health: -1/41      AC:  8    Str: 11    XL:     7   Next: 79%
Magic:  14/14      EV: 12    Int: 18    God:
Gold:   192        SH:  0    Dex: 10    Spells: 11/15 levels left

rFire    . . .     SeeInvis .   q - +0 spear
rCold    . . .     Faith    .   (no shield)
rNeg     + . .     Spirit   .   a - +0 robe
rPois    ∞         Reflect  .   (no helmet)
rElec    +         Harm     .   G - +0 cloak (curse)
rCorr    .         Rampage  .   (no gloves)
Will     .....                  i - +0 pair of boots
Stlth    ++........             (no amulet)
HPRegen  0.13/turn              (no ring)
MPRegen  0.14/turn              (no ring)

@: marked
A: negative energy resistance 1, electricity resistance, unbreathing,
petrification resistance, miasma immunity, AC +4
a: no special abilities


You were in an ossuary.
You visited 1 branch of the dungeon, and saw 5 of its levels.
You also visited: Ossuary.

You collected 192 gold pieces.

Inventory:

Hand Weapons
 q - a +0 spear (weapon)
 u - a +0 flail
 x - a +0 vorpal long sword
 y - a +3 vampiric short sword
 I - a +0 shortbow
 L - a +2 dagger of draining
Missiles
 h - 99 stones
 o - a throwing net
 t - 68 sling bullets
 A - 23 poisoned darts
 B - 3 silver javelins
 F - 6 atropa-tipped darts
 H - 3 boomerangs (quivered)
 J - 10 arrows
Armour
 a - a +0 robe (worn)
 i - a +0 pair of boots (worn)
 l - a cursed +0 ring mail
 r - a cursed +0 ring mail
 G - a cursed +0 cloak (worn)
Wands
 w - a wand of paralysis (12)
Scrolls
 e - a scroll of blinking {unknown}
 f - a scroll of identify
 g - a scroll of random uselessness {unknown}
 m - 3 scrolls of magic mapping
 n - 3 scrolls of teleportation
 s - a scroll of amnesia {unknown}
 C - 3 scrolls of enchant weapon {unknown}
 D - a scroll of fog {unknown}
Potions
 b - 2 potions of curing {unknown}
 d - a potion of haste {unknown}
 j - a potion of mutation {unknown}
 k - 2 potions of flight
 p - a potion of degeneration {unknown}
 v - a potion of brilliance {unknown}
 z - a potion of berserk rage {unknown}
 E - a potion of cancellation {unknown}
 K - a potion of lignification {unknown}


   Skills:
 * Level 3.4 Fighting
 - Level 1.1 Throwing
 - Level 1.5 Dodging
 - Level 2.1 Stealth
 * Level 4.7 Spellcasting
 * Level 7.0 Ice Magic


You had 11 spell levels left.
You knew the following spells:

 Your Spells              Type           Power        Failure   Level
a - Freeze                Ice            100%         1%          1
b - Frozen Ramparts       Ice            58%          2%          3

Your spell library contained the following spells:

 Spells                   Type           Power        Failure   Level
 Ozocubu's Armour         Ice            29%          2%          3
 Shock                    Conj/Air       16%          14%         1
 Swiftness                Air            4%           21%         2
 Hailstorm                Conj/Ice       16%          32%         4
 Summon Ice Beast         Ice/Summ       16%          32%         4
 Static Discharge         Conj/Air       4%           38%         3
 Airstrike                Air            2%           80%         4
 Lightning Bolt           Conj/Air       2%           98%         5


Dungeon Overview and Level Annotations

Branches:
Dungeon (5/15)            Ossuary (1/1)
 Temple: D:4-7

Altars:
Dithmenos
Hepliaklqana
Nemelex Xobeh
Zin


Innate Abilities, Weirdness & Mutations

You are resistant to torment.
Your stone body is resilient. (AC +4)
You are immune to poison.
You resist negative energy. (rN+)
You are resistant to electric shocks. (rElec)
You can survive without breathing.
You are immune to petrification.
You are immune to miasma.


Message History

The human zombie hits you.
The kobold zombie hits you but does no damage.
You completely miss the human zombie.
The human zombie is almost destroyed.
The human zombie barely misses you. The kobold zombie hits you.
Spoiler Alert: The mummy can hit for moderate damage in melee!
You hit the human zombie but do no damage.
The human zombie is almost destroyed.
The human zombie hits you but does no damage.
The kobold zombie closely misses you.
You closely miss the human zombie.
The human zombie is almost destroyed.
The human zombie hits you.
* * * LOW HITPOINT WARNING * * *
The kobold zombie hits you but does no damage.
Spoiler Alert: The mummy can hit for moderate damage in melee!
You barely miss the human zombie.
The human zombie is almost destroyed.
The human zombie hits you.
You die...

#.........∩∩...ZZZZ..#
#.............@ZZMZ..#
#...##############Z..#
#...# #.Z.# #.Z.#
#...# #Z..#
#ZZ.####+.... #Z..#
#ZMZ#.....∩M# #...#
#ZZZ#.......# #...#
#.ZZ#.......# #...#
#..Z#....Z..####.#...#
#...#ZZ.....Z.Z..#...#
#...# #..# #...# #...#
#..# #...# #...# #..#
#...#
#...######..######...#
#....................#
#........8.Z8........#


You could see a mummy, a goblin zombie, 2 hobgoblin zombies, a kobold zombie, a
big kobold zombie, 2 elf zombies and a human zombie.

Vanquished Creatures
  An ogre (D:4)
  A centaur (D:5)
  A scorpion (D:4)
  A howler monkey (D:4)
  A centaur zombie (Ossuary)
  A hound (D:5)
  Terence (D:3)
  4 orc wizards (D:5)
  4 worker ants
  A hound skeleton (D:5)
  A mummy (Ossuary)
  5 gnolls
  4 adders
  An ooze (D:1)
  An adder zombie (Ossuary)
  2 worms
  A dart slug (D:1)
  A leopard gecko (D:4)
  8 orcs
  4 bats
  2 giant cockroaches
  7 goblins
  10 hobgoblins
  3 jackals (D:4)
  A quokka (D:2)
  2 ball pythons
  9 frilled lizards
  8 hobgoblin zombies (Ossuary)
  A jackal zombie (Ossuary)
  7 kobolds
  6 kobold zombies (Ossuary)
  11 orc zombies (Ossuary)
  10 rats
121 creatures vanquished.

Notes
Turn   | Place    | Note
-------+----------+-------------------------------------------
     0 | D:1      | KrasnyyBoyets the Gargoyle Ice Elementalist began the quest
                  | for the Orb.
     0 | D:1      | Reached XP level 1. HP: 10/10 MP: 3/3
   386 | D:1      | Reached XP level 2. HP: 15/15 MP: 3/5
   533 | D:1      | Reached XP level 3. HP: 19/19 MP: 2/6
   574 | D:1      | Learned a level 3 spell: Frozen Ramparts
   636 | D:1      | Reached skill level 5 in Ice Magic
  1356 | D:2      | // yay 2xheals on first try!
  1541 | D:2      | Reached XP level 4. HP: 24/24 MP: 5/7
  1934 | D:2      | Found a shadowy altar of Dithmenos.
  2244 | D:3      | Noticed Terence
  2331 | D:3      | Upgraded the game from 0.26.1-2-gb8aa6d0cf2 to
                  | 0.26.1-11-gd32895ea62
  2500 | D:3      | Found a glowing silver altar of Zin.
  2904 | D:3      | Killed Terence
  3294 | D:3      | Found a faded altar of an unknown god.
  3477 | D:4      | Reached skill level 1 in Throwing
  3477 | D:4      | Reached XP level 5. HP: 28/28 MP: 4/9
  3739 | D:4      | Reached skill level 6 in Ice Magic
  3739 | D:4      | Reached XP level 6. HP: 28/32 MP: 2/11
  4081 | D:4      | Found a hazy altar of Hepliaklqana.
  4176 | D:4      | Found a sparkling altar of Nemelex Xobeh.
  4628 | D:4      | Reached skill level 1 in Fighting
  5266 | D:5      | Entered Level 5 of the Dungeon
  5280 | D:5      | Reached XP level 7. HP: 31/40 MP: 10/13
  5714 | D:5      | Found a sand-covered staircase.
  5722 | Ossuary  | Entered an ossuary
  5962 | Ossuary  | Reached skill level 7 in Ice Magic
  6071 | Ossuary  | // lol gonna die here
  6076 | Ossuary  | Slain by a human zombie

Illustrated notes #.........# #......>.@# #.....<...# ##.##.#...... ......#####(# ###.#### .# #.# # #.# Turn 1356 on D:2: // yay 2xheals on first try!

#.........∩∩...ZZZZ..#
#.............@ZZZZ..#
#...##############M..#
#...# #.Z.# #.Z.#
#...# #Z..#
#ZZ.####+.... #Z..#
#ZMZ#.....∩M# #...#
#ZZZ#.......# #...#
#.ZZ#.......# #...#
#..Z#....Z..####.#...#
#...#ZZ.....Z.Z..#...#
#...# #..# #...# #...#
#..# #...# #...# #..#
#...#
#...######..######...#
#....................#
#........8.Z8........#


Turn 6071 on Ossuary: // lol gonna die here

Levels and vault maps discovered:
D:1:      psy_arrival_heroes, layout_rooms, serial_corexii_hall,
          chequers_hall_statues_corner_a, corexii_hall_statues_x
D:2:      layout_loops_ring, lemuel_coloured_pillars_altar
D:3:      layout_loops_ring, zin_academy, chequers_ecumenical_altar_grove,
          uniq_terence
D:4:      layout_loops_corners, nemelex_xobeh_ov_fountains_minmay,
          nzn_hepliaklqana_mist_gate, serial_rivers,
          chequers_serial_rivers_micro_a, chequers_serial_rivers_micro_b,
          chequers_serial_rivers_micro_e, chequers_serial_rivers_small_3,
          minmay_fractal_squares_gapless_5
D:5:      layout_gridville, kennysheep_mini, enter_ossuary_4,
          minmay_misc_feat_tower, uniq_menkaure
Ossuary:  ossuary_tomb_1

Skill      XL: |  1  2  3  4  5  6  7 |
---------------+----------------------+-----
Ice Magic      | 5 6 7 |  7.0
Throwing       | 1 |  1.1
Spellcasting   | 3 4 |  4.7
Fighting       | 2 3 |  3.4
Dodging        | |  1.5
Stealth        | |  2.1

Action                   |  1- 3 |  4- 6 |  7- 9 || total
-------------------------+-------+-------+-------++-------
Melee: Short sword       |     5 |    24 |   137 ||   166
       Flail             |       |    24 |       ||    24
       Spear             |       |       |     7 ||     7
Throw: Stone             |     3 |    71 |       ||    74
       Boomerang         |       |    14 |       ||    14
 Cast: Freeze            |    39 |    48 |    17 ||   104
       Frozen Ramparts   |     2 |     6 |     4 ||    12
  Use: Scroll            |     3 |     3 |     1 ||     7
       Potion            |       |     1 |     3 ||     4
 Stab: Sleeping          |       |     2 |       ||     2
Armor: Robe              |     9 |    32 |   105 ||   146
Dodge: Dodged            |    18 |    79 |   176 ||   273
